 Dungeon Crawl Stone Soup version 0.28.0-53-g5a82cb258f (webtiles) character file.

Game seed: 16643875248064211016

21004 Scuddy the Basher (level 12, -2/77 (86) HPs)
             Began as a Demonspawn Fighter on July 5, 2022.
             Was a High Priest of Vehumet.
             Slain by a spectral orc warlord
             ... wielding a +3 great sword of protection
             ... summoned by Nergalle
              (21 damage)
             ... on level 3 of the Lair of Beasts.
             The game lasted 00:37:22 (15674 turns).

Scuddy the Basher (Demonspawn Fighter)             Turns: 15674, Time: 00:37:26

HP:   -2/77 (86)    AC: 13    Str: 18    XL:     12   Next: 50%
MP:   0/19          EV: 11    Int: 15    God:    Vehumet [*****.]
Gold: 761           SH:  8    Dex: 13    Spells: 10/21 levels left

rFire   . . .      SeeInvis .   t - +3 flail (drain)
rCold   . . .      Faith    .   T - +2 buckler
rNeg    . . .      Spirit   +   R - +5 leather armour of Lilacs {Fly}
rPois   +          Reflect  .   E - +0 helmet
rElec   .          Harm     .   B - +2 cloak
rCorr   .          Rampage  .   (no gloves)
Will    +....                   (no boots)
Stlth   +.........              g - amulet of the acrobat
HPRegen 0.22/turn               b - ring of Oruyr {rPois Will+ Str+2}
MPRegen 0.32/turn               (no ring)

@: lethally poisoned (-2 -> -12), flying, hasted, heavily drained, very quick
A: claws 2, ignite blood 1, magic shield, magic regeneration
a: Renounce Religion


You were on level 3 of the Lair of Beasts.
You worshipped Vehumet.
Vehumet was extremely pleased with you.
You visited 2 branches of the dungeon, and saw 14 of its levels.
You also visited: Bailey.

You collected 761 gold pieces.

Inventory:

Hand Weapons
 a - a +0 flail
 f - a +0 whip
 p - a +0 vorpal flail
 t - a +3 flail of draining (weapon)
Armour
 B - a +2 cloak (worn)
 E - a +0 helmet (worn)
 R - the +5 leather armour of Lilacs (worn) {Fly}
   (You found it on level 2 of the Lair of Beasts)

   Fly:       It grants you flight.
 T - a +2 buckler (worn)
Jewellery
 b - the ring of Oruyr (left claw) {rPois Will+ Str+2}
   (You acquired it on level 7 of the Dungeon)

   [ring of poison resistance]

   Str:       It affects your strength (+2).
   rPois:     It protects you from poison.
   Will:      It increases your willpower.
 g - an amulet of the acrobat (around neck)
 m - a ring of ice
 n - a ring of flight
 G - a ring of fire
 N - the brooch of Shielding {Spirit SH+8}
   (You found it on level 10 of the Dungeon)

   [amulet of guardian spirit]

   It causes incoming damage to be divided between your reserves of health and
   magic.
   SH:        It affects your SH (+8).
 P - an amulet of magic regeneration
 Q - an amulet of regeneration
Wands
 c - a wand of polymorph (7)
 r - a wand of flame (33)
 y - a wand of digging (11)
Scrolls
 e - a scroll of summoning
 k - 5 scrolls of teleportation
 l - 2 scrolls of fear
 w - a scroll of enchant weapon
 z - 11 scrolls of identify
 D - 2 scrolls of vulnerability {unknown}
 F - a scroll of immolation {unknown}
 H - 2 scrolls of fog {unknown}
 I - a scroll of blinking {unknown}
 J - a scroll of magic mapping {unknown}
 M - a scroll of amnesia
 O - a scroll of acquirement
 S - 2 scrolls of enchant armour
Potions
 d - 4 potions of heal wounds
 h - a potion of ambrosia
 j - a potion of lignification
 o - 3 potions of might
 q - 3 potions of haste
 s - a potion of mutation {unknown}
 u - a potion of degeneration
 v - 2 potions of resistance
 x - a potion of flight
 A - 2 potions of brilliance {unknown}
 C - 4 potions of curing {unknown}
 L - a potion of magic {unknown}


   Skills:
 - Level 5.0 Fighting
 - Level 12.0 Maces & Flails
 - Level 7.4 Armour
 - Level 0.9 Dodging
 - Level 0.1 Stealth
 + Level 9.1 Shields
 - Level 5.0 Spellcasting
 + Level 6.7 Conjurations
 + Level 5.9 Fire Magic


You had 10 spell levels left.
You knew the following spells:

 Your Spells              Type           Power      Damage    Failure   Level
a - Foxfire               Conj/Fire      88%        2x1d8     1%          1
b - Conjure Flame         Conj/Fire      22%        6-21      1%          3
c - Inner Flame           Hex/Fire       12%        N/A       6%          3
d - Flame Wave            Conj/Fire      22%        2d7       5%          4

Your spell library contained the following spells:

 Spells                   Type           Power      Damage    Failure   Level
 Irradiate                Conj/Tmut      6%         3d15      38%         5
 Poisonous Vapours        Pois/Air       6%         N/A       10%         2
 Animate Skeleton         Necr           6%         N/A       24%         1
 Apportation              Tloc           6%         N/A       24%         1
 Beastly Appendage        Tmut           6%         N/A       24%         1
 Sting                    Tmut/Pois      12%        1d3       24%         1
 Summon Small Mammal      Summ           12%        N/A       24%         1
 Ensorcelled Hibernation  Hex/Ice        6%         N/A       34%         2
 Passwall                 Tmut/Erth      2%         N/A       34%         2
 Wereblood                Tmut           3%         N/A       34%         2
 Olgreb's Toxic Radiance  Pois           3%         N/A       50%         4
 Spider Form              Tmut/Pois      3%         N/A       56%         3
 Swiftness                Air            3%         N/A       56%         3


Dungeon Overview and Level Annotations

Branches:
Dungeon (11/15)            Temple (0/1) D:4            Lair (3/6) D:9
  Swamp (0/4) Lair:2          Orc (0/2) D:11         Bailey (visited)
  Snake: Lair:2-4    Spider: Lair:2-4

Altars:
Dithmenos
Fedhas
Gozag
Hepliaklqana
Kikubaaqudgha
Makhleb
Qazlal
Trog
Vehumet
Wu Jian
The Shining One

Shops:
D:3 (   D:9 =

Annotations:
D:8 2 transporters, DocClef's ghost, novice MiFi
Lair:2 2 transporters, Haraddelas's ghost, journeyman OpTm
Lair:3 Nergalle


Innate Abilities, Weirdness & Mutations

You have very sharp fingernails.
Your demonic aura sometimes causes spilled blood to erupt in flames.
When hurt, damage is shared between your health and your magic reserves.
You regenerate magic rapidly.


Message History

The blink frog is severely wounded.
The blink frog barely misses you.
You closely miss the blink frog.
The blink frog is severely wounded.
You block the blink frog's attack.
You miss the blink frog.
The blink frog is severely wounded.
The blink frog blinks!
You closely miss Nergalle. Nergalle hits you but does no damage.
You barely miss Nergalle. Nergalle casts a spell at you.
The bolt of negative energy hits you!!
You feel drained.
You hit Nergalle.
Nergalle is lightly wounded.
You hit Nergalle but do no damage.
Nergalle is lightly wounded.
The blink frog blinks!
Nergalle points at you and mumbles some strange words.
The bolt of negative energy hits you!!
You feel drained.
* * * LOW HITPOINT WARNING * * *
You feel much better.
The blink frog seems less drained.
Nergalle hits you with a +5 dagger of venom.
* * * LOW HITPOINT WARNING * * *
You feel yourself speed up.
Nergalle gestures at you while chanting.
Orcish apparitions take form around you.
You sock Nergalle!
Nergalle is moderately wounded.
The blink frog misses you.
Nergalle gestures at you while chanting.
Orcish apparitions take form around you.
You hit Nergalle.
Nergalle is moderately wounded.
You barely miss Nergalle.
Nergalle is moderately wounded.
The blink frog hits you but does no damage.
Nergalle hits you but does no damage.
You are poisoned.
The spectral orc warlord hits you with a +3 great sword of protection!!
You die...

#.....#
##...##
##..# #P.##
##..#
###.##
#ZZZ.#
##FZ## #@##
###o#
#.ZF## .
#....# #
###...##
##....#.##
#........##
#.........#
#........##


You could see Nergalle, 3 spectral orc warriors, a spectral orc knight
(summoned, fast), a spectral orc warlord (summoned) and 2 blink frogs.

Vanquished Creatures
  Josephine (D:10)
  2 hydras
  A two-headed ogre (D:10)
  An orc knight (Bailey)
  Maurice (D:7)
  A black mamba (Lair:2)
  5 cane toads
  A polar bear (Lair:3)
  A troll (D:9)
  Prince Ribbit (D:7)
  6 blink frogs
  9 spriggans (Lair:2)
  4 wraiths
  34 yaks
  A basilisk (Lair:1)
  A steam dragon (D:7)
  Menkaure (D:7)
  An acid dragon (D:10)
  12 water moccasins
  An ice beast (D:7)
  8 orc warriors
  A necrophage (D:4)
  A phantom (D:4)
  6 centaurs
  14 wolves
  4 kobold brigands
  9 bullfrogs
  2 scorpions
  A water moccasin skeleton (D:5)
  9 killer bees (D:8)
  7 wights
  A jelly (D:4)
  5 howler monkeys
  A bullfrog zombie (D:6)
  6 hounds
  4 orc priests
  A centaur skeleton (D:6)
  3 gnoll shamans
  3 iguanas
  9 orc wizards
  A killer bee zombie (D:8)
  A hound skeleton (D:4)
  20 gnolls
  A howler monkey skeleton (D:4)
  11 adders
  3 white imps
  An ufetubus (D:6)
  3 adder skeletons (D:4)
  3 worms
  3 dart slugs
  25 orcs
  2 ball pythons
  6 endoplasms
  3 giant cockroaches
  15 hobgoblins
  12 jackals
  5 quokkas
  A bat (D:2)
  6 frilled lizards
  24 goblins
  23 kobolds
  8 rats
357 creatures vanquished.

Vanquished Creatures (others)
  21 foxfires (D:10)
  24 fungi
  65 plants
  5 withered plants (D:6)
115 creatures vanquished.

Grand Total: 472 creatures vanquished

Notes
Turn   | Place    | Note
-------+----------+-------------------------------------------
     0 | D:1      | Scuddy the Demonspawn Fighter began the quest for the Orb.
     0 | D:1      | Reached XP level 1. HP: 18/18 MP: 1/1
   163 | D:1      | Reached skill level 2 in Maces & Flails
   278 | D:1      | Gained mutation: You regenerate magic rapidly. [demonic
                  | ancestry]
   278 | D:1      | Reached XP level 2. HP: 17/24 MP: 2/2
  1530 | D:2      | Reached XP level 3. HP: 23/29 MP: 3/3
  1955 | D:2      | Reached skill level 3 in Maces & Flails
  2210 | D:2      | Reached XP level 4. HP: 35/35 MP: 4/4
  2520 | D:3      | Found Deicw's Weapon Boutique.
  2739 | D:2      | Found a faded altar of an unknown god.
  2870 | D:3      | Noticed a kobold brigand
  3055 | D:3      | You fall into a shaft and drop 3 floors!
  3075 | D:5      | Entered Level 5 of the Dungeon
  3277 | D:5      | Noticed a water moccasin
  3304 | D:5      | Killed a water moccasin
  3305 | D:5      | Reached skill level 4 in Maces & Flails
  3305 | D:5      | Gained mutation: You have sharp fingernails. [demonic
                  | ancestry]
  3305 | D:5      | Reached XP level 5. HP: 2/41 MP: 5/5
  3640 | D:5      | Gained mutation: When hurt, damage is shared between your
                  | health and your magic reserves. [demonic ancestry]
  3640 | D:5      | Reached XP level 6. HP: 26/48 MP: 6/6
  4155 | D:5      | Found a hazy altar of Hepliaklqana.
  4156 | D:5      | Found a shadowy altar of Dithmenos.
  4159 | D:5      | Noticed a shadow
  4591 | D:5      | Reached skill level 5 in Maces & Flails
  4591 | D:5      | Reached XP level 7. HP: 54/54 MP: 5/7
  4777 | D:5      | Found an opulent altar of Gozag.
  5125 | D:3      | Found a radiant altar of Vehumet.
  5823 | D:3      | Found an ornate altar of the Wu Jian Council.
  5891 | D:3      | Became a worshipper of Vehumet
  5962 | D:4      | Reached skill level 5 in Shields
  6104 | D:4      | Reached skill level 5 in Fighting
  6104 | D:4      | Reached skill level 6 in Maces & Flails
  6167 | D:4      | Gained mutation: You have very sharp fingernails. [demonic
                  | ancestry]
  6167 | D:4      | Reached XP level 8. HP: 57/62 MP: 7/9
  6255 | D:4      | Reached skill level 1 in Spellcasting
  6282 | D:4      | Reached * piety under Vehumet
  6282 | D:4      | Offered knowledge of Sandblast by Vehumet.
  6512 | D:4      | Found a staircase to the Ecumenical Temple.
  7248 | D:6      | Reached skill level 7 in Maces & Flails
  7252 | D:6      | Found an ancient bone altar of Kikubaaqudgha.
  7252 | D:6      | Found a blossoming altar of Fedhas.
  7894 | D:7      | Identified a scroll of acquirement
  7894 | D:7      | Acquired the ring of Oruyr {rPois Will+ Str+2}
  7902 | D:7      | Gained mutation: Your demonic aura sometimes causes spilled
                  | blood to erupt in flames. [demonic ancestry]
  7902 | D:7      | Reached XP level 9. HP: 38/68 MP: 10/13
  7909 | D:7      | Found a flagged portal.
  7934 | Bailey   | Entered a bailey
  8235 | Bailey   | Noticed an orc knight
  8252 | Bailey   | Killed an orc knight
  8252 | Bailey   | Offered knowledge of Poisonous Vapours by Vehumet.
  8255 | Bailey   | Reached ** piety under Vehumet
  8271 | Bailey   | Reached skill level 8 in Maces & Flails
  8561 | Bailey   | Reached skill level 5 in Armour
  8570 | Bailey   | Noticed an orc warlord
  8570 | Bailey   | Noticed an orc knight
  8571 | Bailey   | Noticed an orc knight
  8597 | D:7      | Noticed Menkaure
  8746 | D:7      | Identified the +10 quarterstaff "Vipt" {drain, Str+3 Dex-5
                  | Stlth+}
  8749 | D:7      | Learned a level 1 spell: Foxfire
  8814 | D:7      | Killed Menkaure
  8814 | D:7      | Offered knowledge of Stone Arrow by Vehumet.
  9042 | D:8      | Reached skill level 1 in Conjurations
  9111 | D:8      | Found a transporter.
  9128 | D:8      | Noticed a manticore
  9134 | D:8      | Reached skill level 1 in Fire Magic
  9146 | D:8      | Noticed a cyan ugly thing
  9146 | D:8      | Noticed DocClef's ghost (novice MiFi)
  9147 | D:8      | Noticed a four-headed hydra
  9147 | D:8      | Found a transporter.
  9151 | D:8      | Reached *** piety under Vehumet
  9244 | D:7      | Reached XP level 10. HP: 53/74 MP: 14/16
  9356 | D:7      | Noticed Prince Ribbit
  9367 | D:7      | Killed Prince Ribbit
  9805 | D:8      | Reached skill level 9 in Maces & Flails
  9857 | D:8      | Offered knowledge of Fulminant Prism by Vehumet.
  9866 | D:8      | Learned a level 3 spell: Conjure Flame
 10141 | D:8      | Noticed Maurice
 10201 | D:7      | Killed Maurice
 10566 | D:9      | Found a burning altar of Makhleb.
 10605 | D:9      | Found Xoczomm's Jewellery Shoppe.
 11112 | D:9      | Found a stormy altar of Qazlal.
 11173 | D:9      | Reached **** piety under Vehumet
 11277 | D:9      | Found a staircase to the Lair.
 11414 | D:10     | Entered Level 10 of the Dungeon
 11472 | D:10     | Reached skill level 5 in Spellcasting
 11601 | D:9      | Learned a level 3 spell: Inner Flame
 11606 | D:9      | Learned a level 4 spell: Flame Wave
 11623 | D:10     | Noticed a two-headed ogre
 11633 | D:10     | Killed a two-headed ogre
 11709 | D:10     | Offered knowledge of Iskenderun's Battlesphere by Vehumet.
 11719 | D:10     | Noticed Josephine
 12007 | D:10     | Found the brooch of Shielding {Spirit SH+8}
 12078 | D:10     | Reached XP level 11. HP: 59/79 MP: 15/18
 12192 | D:10     | Reached skill level 10 in Maces & Flails
 12192 | D:10     | Killed Josephine
 12419 | D:11     | Found a staircase to the Orcish Mines.
 12439 | Lair:1   | Entered Level 1 of the Lair of Beasts
 12544 | Lair:1   | Noticed a six-headed hydra
 12554 | Lair:1   | Killed a six-headed hydra
 13009 | Lair:1   | Reached skill level 5 in Conjurations
 13545 | Lair:2   | Reached skill level 11 in Maces & Flails
 13607 | Lair:2   | Noticed Haraddelas's ghost (journeyman OpTm)
 13607 | Lair:2   | Noticed a spriggan rider
 13688 | Lair:2   | Reached ***** piety under Vehumet
 13767 | Lair:2   | Found a staircase to the Swamp.
 13814 | Lair:2   | Offered knowledge of Irradiate by Vehumet.
 13927 | Lair:2   | Reached XP level 12. HP: 86/86 MP: 19/19
 13944 | Lair:2   | Identified the +5 leather armour of Lilacs {Fly}
 13968 | Lair:2   | Reached skill level 5 in Fire Magic
 14127 | Lair:2   | Found a transporter.
 14131 | Lair:2   | Found a transporter.
 14249 | Lair:2   | Noticed a six-headed hydra
 14264 | Lair:2   | Killed a six-headed hydra
 14968 | Lair:3   | Noticed a death yak
 14968 | Lair:3   | Noticed a death yak
 14968 | Lair:3   | Noticed a death yak
 14968 | Lair:3   | Noticed a death yak
 14975 | Lair:3   | Noticed a death yak
 14979 | Lair:3   | Noticed a death yak
 15160 | Lair:2   | Found a bloodstained altar of Trog.
 15555 | Lair:3   | Found an opulent altar of Gozag.
 15591 | Lair:3   | Reached skill level 12 in Maces & Flails
 15641 | Lair:3   | Noticed Nergalle
 15669 | Lair:3   | HP: 2/77 [Nergalle/bolt of negative energy (25)]
 15674 | Lair:3   | Slain by a spectral orc warlord

Illustrated notes

Levels and vault maps discovered:
D:1:      minmay_arrival_doors, layout_loops_ring, serial_bayou_ford_a,
          chequers_big_river, st_stairs_14
D:2:      layout_loops_ring, shapermc_ecumenical_altar_petra,
          serial_bayou_lagoon_a, chequers_serial_rivers_small_a,
          skrybe_limestone_x
D:3:      layout_rooms, mainiacjoe_overflow_chevrons,
          nicolae_wu_jian_immortal_techniques, serial_shops,
          nicolae_shop_hallway_stairs, nrook_campfire
D:4:      minmay_clustersquares, layout_basic, minmay_temple_entry_junction
D:5:      layout_loops_cross, riverfiend_overflow_shadow_ancestor,
          mainiacjoe_overflow_alcove_1
D:6:      layout_loops_ring, grunt_temple_overflow_growth_and_decay,
          lemuel_crystal_altar
D:7:      layout_cave_pools, enter_bailey_1, minmay_misc_feat_roman,
          kennysheep_boxes, uniq_prince_ribbit1, uniq_menkaure
D:8:      layout_rooms, nzn_ghost_randoct, uniq_maurice
D:9:      layout_cross, nicolae_qazlal_scattered_showers,
          mainiacjoe_overflow_small_starburst, dpeg_oklobed_lair, serial_shops,
          nicolae_square_shop
D:10:     layout_rooms, uniq_josephine
D:11:     minmay_bloctagon, layout_basic, minmay_orc_entry_temple_small,
          special_room [special_room_orc]
Lair:1:   layout_roguey, nicolae_lair_grove_arrangements, grunt_megastairs_5
Lair:2:   kb_forest_paths, layout_regular_city, swamp_mist,
          gammafunk_ghost_wrathful_warriors
Lair:3:   layout_roguey, basic_altar, lemuel_fruit_tree, uniq_nergalle,
          uniq_fannar

Skill      XL: |  1  2  3  4  5  6  7  8  9 10 11 12 |
---------------+-------------------------------------+-----
Maces & Flails | 2 3 4 5 6 7 8 9 11 12 | 12.0
Shields        | 3 4 5 6 7 8 9 |  9.1
Fighting       | 4 5 |  5.0
Armour         | 3 4 5 6 7 |  7.4
Spellcasting   | 2 4 5 |  5.0
Conjurations   | 1 3 5 6 |  6.7
Fire Magic     | 1 3 4 5 |  5.9
Dodging        | |  0.9
Stealth        | |  0.1

Action                   |  1- 3 |  4- 6 |  7- 9 | 10-12 || total
-------------------------+-------+-------+-------+-------++-------
Melee: Flail             |    21 |    98 |   457 |   735 ||  1311
       Whip              |   148 |    89 |       |       ||   237
 Cast: Foxfire           |       |       |       |    12 ||    12
       Conjure Flame     |       |       |       |     7 ||     7
       Inner Flame       |       |       |       |     1 ||     1
       Flame Wave        |       |       |       |     1 ||     1
Evoke: Wand              |       |       |       |     2 ||     2
  Use: Potion            |       |     1 |     2 |     3 ||     6
       Scroll            |       |       |    15 |       ||    15
Armor: Scale mail        |     4 |       |       |       ||     4
       Ring mail         |    30 |    71 |   179 |   140 ||   420
       Leather armour    |     1 |       |       |    79 ||    80
       Troll leather arm |       |       |       |    62 ||    62
Dodge: Dodged            |    60 |   117 |   226 |   448 ||   851
Block: Buckler           |    26 |    39 |   116 |   242 ||   423
